 Dungeon Crawl Stone Soup version 0.23.2-30-g0e89c35649 (webtiles) character file.

Game seed: 3812523868879662960

85600 1994 the Thaumaturge (level 15, -10/104 HPs)
             Began as a Mummy Summoner on June 22, 2019.
             Was an Initiate of Gozag.
             Mangled by a faun
             ... wielding a +0 spear
              (17 damage)
             ... on level 1 of the Shoals on June 23, 2019.
             The game lasted 04:04:49 (48078 turns).

1994 the Thaumaturge (Mummy Summoner)              Turns: 48078, Time: 04:04:50

Health: -10/104    AC: 12    Str: 11    XL:     15   Next: 38%
Magic:  0/47       EV: 10    Int: 24    God:    Gozag
Gold:   5123       SH: 11    Dex: 13    Spells: 3/41 levels left

rFire    + . .     SeeInvis .   M - staff of power
rCold    + . .     Gourm    .   P - +2 buckler {rF+}
rNeg     + + +     Faith    .   B - +0 ring mail {rF+}
rPois    ∞         Spirit   .   h - +0 helmet
rElec    .         Reflect  +   y - +2 ratskin cloak {+Rats rPois rN+ Str-1 Int-1 Dex+1}
rCorr    +         Harm     .   Q - +0 pair of gloves
MR       +....                  o - +1 pair of boots
Stlth    +.........             A - +4 amulet of reflection
HPRegen  0.27/turn              Y - ring of Xom's Full Attention {rCorr rPois Int+4}
MPRegen  0.30/turn              j - ring of wizardry

@: gold aura, very slightly contaminated
A: no food or potions, fire vulnerability, cold resistance 1, negative energy
resistance 3, torment resistance, unbreathing, in touch with death 1
a: Potion Petition, Call Merchant, Bribe Branch, Renounce Religion, Evoke
Ratskin


You were on level 1 of the Shoals.
You worshipped Gozag.
Gozag was greatly pleased with you.
You were not hungry.

You visited 6 branches of the dungeon, and saw 27 of its levels.

You collected 6362 gold pieces.
You spent 710 gold pieces at shops.
You paid 529 gold pieces to Gozag.

Inventory:

Hand Weapons
 O - a +2 demon trident of venom
Missiles
 b - 436 stones (quivered)
 N - 3 throwing nets
Armour
 f - a scarf of cloud immunity
 h - a +0 helmet (worn)
 o - a +1 pair of boots (worn)
 y - the +2 ratskin cloak (worn) {+Rats rPois rN+ Str-1 Int-1 Dex+1}
   (You found it on level 6 of the Dungeon)

   It affects your strength (-1).
   It affects your intelligence (-1).
   It affects your dexterity (+1).
   It protects you from poison.
   It protects you from negative energy.
 B - a +0 ring mail of fire resistance (worn)
 C - a +2 robe of resistance
 G - a +1 troll leather armour {Snorg}
 J - a +1 robe of magic resistance
 P - a +2 buckler of fire resistance (worn)
 Q - a +0 pair of gloves (worn)
 X - a +0 shield
Magical Staves
 M - an uncursed staff of power (weapon)
 Z - an uncursed staff of fire
Jewellery
 j - a ring of wizardry (right hand)
 s - an uncursed ring of see invisible
 x - an uncursed ring of protection from fire
 z - an uncursed ring of protection from fire
 A - a +4 amulet of reflection (around neck)
 H - an uncursed ring of stealth
 L - an uncursed ring of ice
 S - the amulet of Traps {Faith Int+7 Dex-5 SInv}
   (You found it on level 3 of the Lair of Beasts)

   [amulet of faith]

   It allows you to gain divine favour quickly.
   It affects your intelligence (+7).
   It affects your dexterity (-5).
   It lets you see invisible.
 U - a +3 ring of evasion
 Y - the ring of Xom's Full Attention (left hand) {rCorr rPois Int+4}
   (You found it on level 14 of the Dungeon)

   [ring of resist corrosion]

   It affects your intelligence (+4).
   It protects you from poison.
Wands
 i - a wand of clouds (7)
 p - a wand of random effects (14)
 r - a wand of disintegration (7)
 t - a wand of acid (15)
 v - a wand of flame (29)
 F - a wand of enslavement (13)
 K - a wand of scattershot (3)
 T - a wand of polymorph (17)
 V - a wand of iceblast (9)
 W - a wand of paralysis (5)
Scrolls
 c - 7 scrolls of enchant armour
 d - 13 scrolls of identify
 e - a scroll of torment
 g - 2 scrolls of fear
 k - 9 scrolls of teleportation
 l - 11 scrolls of remove curse
 m - 3 scrolls of enchant weapon
 n - 4 scrolls of magic mapping
 u - 2 scrolls of immolation
 w - 2 scrolls of fog
 D - a scroll of silence
 R - 3 scrolls of amnesia
Miscellaneous
 q - 2 sacks of spiders
 E - 2 boxes of beasts
 I - a lightning rod (4/4)


   Skills:
 + Level 5.6 Fighting
 * Level 1.9 Armour
 - Level 1.5 Dodging
 - Level 1.5 Stealth
 - Level 4.0 Shields
 + Level 13.5 Spellcasting
 * Level 13.0 Summonings
 * Level 13.4 Necromancy
 - Level 4.0 Translocations
 - Level 4.0 Air Magic
 - Level 7.2 Earth Magic
 - Level 6.0 Evocations


You had 3 spell levels left.
You knew the following spells:

 Your Spells              Type           Power        Failure   Level  Hunger
a - Pain                  Necr           ####         1%          1    N/A
b - Call Canine Familiar  Summ           ######..     1%          3    N/A
c - Summon Lightning Spi  Summ/Air       ######..     1%          4    N/A
d - Summon Guardian Gole  Hex/Summ       #####...     1%          3    N/A
e - Apportation           Tloc           #####.       1%          1    N/A
f - Haunt                 Necr/Summ      #######...   13%         7    N/A
g - Vampiric Draining     Necr           #######...   1%          3    N/A
h - Borgnjor's Vile Clut  Necr/Erth      #######...   1%          5    N/A
i - Dispel Undead         Necr           #######.     1%          5    N/A
j - Blink                 Tloc           N/A          1%          2    N/A
k - Passage of Golubria   Tloc           N/A          7%          4    N/A

Your spell library contained the following spells:

 Spells                   Type           Power        Failure   Level  Hunger
 Animate Skeleton         Necr           N/A          1%          1    N/A
 Shock                    Conj/Air       ####         1%          1    N/A
 Summon Small Mammal      Summ           ####         1%          1    N/A
 Call Imp                 Summ           ######..     1%          2    N/A
 Corpse Rot               Necr           N/A          1%          2    N/A
 Gell's Gravitas          Tloc           #####.....   1%          3    N/A
 Lesser Beckoning         Tloc           #####.....   1%          3    N/A
 Teleport Other           Tloc           #####...     1%          3    N/A
 Poisonous Vapours        Pois/Air       ####..       2%          2    N/A
 Shroud of Golubria       Chrm/Tloc      ####......   2%          2    N/A
 Swiftness                Chrm/Air       ####....     2%          2    N/A
 Stone Arrow              Conj/Erth      ####..       2%          3    N/A
 Confusing Touch          Hex            ###...       3%          1    N/A
 Corona                   Hex            ###....      3%          1    N/A
 Sting                    Conj/Pois      ###.         3%          1    N/A
 Portal Projectile        Hex/Tloc       ####..       4%          3    N/A
 Static Discharge         Conj/Air       ####....     4%          3    N/A
 Slow                     Hex            ###.....     5%          2    N/A
 Mephitic Cloud           Conj/Pois/Air  ###.....     6%          3    N/A
 Conjure Flame            Conj/Fire      ###.....     11%         3    N/A
 Inner Flame              Hex/Fire       ###.....     11%         3    N/A
 Animate Dead             Necr           N/A          1%          4    N/A
 Agony                    Necr           #######.     1%          5    N/A
 Summon Ice Beast         Ice/Summ       #####...     2%          4    N/A
 Summon Forest            Summ/Tloc      ######....   2%          5    N/A
 Airstrike                Air            #####.....   7%          4    N/A
 Leda's Liquefaction      Hex/Erth       ####......   9%          4    N/A
 Summon Hydra             Summ           ######....   14%         7    N/A
 Cause Fear               Hex            ###.......   32%         4    N/A
 Olgreb's Toxic Radiance  Pois           ###.....     32%         4    N/A
 Simulacrum               Ice/Necr       ######....   32%         6    N/A
 Lightning Bolt           Conj/Air       ####......   38%         5    N/A
 Venom Bolt               Conj/Pois      ###.......   65%         5    N/A
 Infestation              Necr           #######...   65%         8    N/A
 Freezing Cloud           Conj/Ice/Air   ###.......   95%         6    N/A
 Ring of Flames           Chrm/Fire      ###.......   100%        7    N/A
 Borgnjor's Revivificati  Necr           Unusable     N/A         8    N/A
 Hydra Form               Tmut           Unusable     N/A         6    N/A
 Death's Door             Chrm/Necr      Unusable     N/A         8    N/A
 Necromutation            Tmut/Necr      Unusable     N/A         8    N/A

Dungeon Overview and Level Annotations

Branches:
Dungeon (15/15)            Temple (1/1) D:6            Lair (6/6) D:8
 Shoals (2/4) Lair:4       Spider (1/4) Lair:3        Slime (0/5) Lair:6
    Orc (2/2) D:11            Elf (0/3) Orc:2        Vaults (0/5) D:14
 Depths: D:15

Altars:
Ashenzari
Cheibriados
Dithmenos
Elyvilon
Fedhas
Gozag
Hepliaklqana
Kikubaaqudgha
Makhleb
Nemelex Xobeh
Okawaru
Qazlal
Ru
Sif Muna
Trog
Uskayaw
Vehumet
Wu Jian
Xom
Yredelemnul
Zin
The Shining One
Beogh

Shops:
D:12 *   D:13 [   Orc:2 ?*(!

Annotations:
Lair:6 1 exclusion
Shoals:2 Ilsuiw


Innate Abilities, Weirdness & Mutations

You do not eat or drink.
Your flesh is vulnerable to fire.
You are immune to poison.
Your flesh is cold resistant. (rC+)
You are immune to negative energy. (rN+++)
You are immune to unholy pain and torment.
You can survive without breathing.
You are in touch with the powers of death.


Message History

Evoke which item? (* to show all) (? for menu, Esc to quit)
Aiming: Throw Flame
Press: ? - help, Shift-Dir - straight line, f/p - faun
Aim: a faun, wielding a +0 spear (almost dead)
The puff of flame hits the faun.
The faun is almost dead.
The faun hits you with a +0 spear!
* * * LOW HITPOINT WARNING * * *
Evoke which item? (* to show all) (? for menu, Esc to quit)
Okay, then.
Unknown command.
Casting: Pain (safe; 1% risk of failure)
Confirm with . or Enter, or press ? or * to list all spells.
Aiming: Pain (safe; 1% risk of failure)
Press: ? - help, Shift-Dir - straight line, f/p - faun
Aim: a faun, wielding a +0 spear (almost dead, chance to defeat MR: 71%)
You feel a surge of power!
The faun struggles to resist.
The faun hits you with a +0 spear!
You die...
Your body crumbles into a pile of gold.

..≈≈≈≈≈##..≈≈≈.P≈≈≈
≈≈≈≈...>≈≈≈≈...≈≈≈≈≈.≈≈≈
.≈≈≈≈≈≈.≈≈≈≈≈.≈≈≈≈≈≈≈≈P≈P
.≈≈≈≈≈≈≈.≈≈≈≈..≈≈≈≈≈.P≈≈P
≈≈≈≈≈≈≈..≈≈≈≈.^≈≈≈≈≈.≈$≈≈
≈≈≈≈≈≈≈≈≈≈≈≈≈..≈≈≈≈≈≈≈$≈≈
≈≈≈≈≈≈≈..$≈≈≈.....≈≈...≈$
........$≈≈≈≈.##.....:(≈≈
.......c@≈≈≈≈.....≈.....≈
.####..#...≈.....≈.##.$≈
≈≈≈≈≈..... ##.###$.≈≈....≈≈.#((≈
≈≈≈≈≈≈≈.^####..###(..≈≈≈≈≈≈≈≈≈$>≈
≈≈≈≈≈≈.......≈..#(>≈≈≈≈≈≈≈≈≈≈≈$$≈
≈≈≈≈≈≈≈.........c.(≈≈≈≈≈≈.≈≈≈≈≈$≈
≈≈≈≈≈≈≈..≈≈.......$≈≈≈≈≈..≈≈≈≈≈≈#
≈≈≈≈≈≈≈..≈≈≈≈≈≈≈≈≈≈≈≈≈≈≈≈≈≈≈≈≈≈.#
≈..≈≈≈≈≈≈≈≈≈≈≈≈≈≈≈≈..≈≈≈≈≈≈≈≈≈≈≈.


You could see a faun.

Vanquished Creatures
  A sphinx (D:14)
  A storm dragon (D:14)
  A tengu reaver (D:14)
  A frost giant (D:14)
  A stone giant (Orc:2)
  Josephine (Orc:2)
  2 two-headed ogres
  An ogre mage (D:14)
  3 death yaks
  Urug (Lair:2)
  2 orc high priests (Orc:2)
  Sonja (Orc:2)
  A fire crab (Lair:6)
  A wizard (D:15)
  6 orc knights
  Pikel (D:8)
  An orb spider (Spider:1)
  A deep elf mage (D:14)
  3 orc sorcerers (Orc:2)
  3 fauns (Shoals:1)
  2 wolf spiders
  3 elephants
  A water nymph (Shoals:1)
  A merfolk siren (Shoals:1)
  A gargoyle (D:14)
  3 torpor snails
  4 black mambas
  3 spiny frogs
  2 rime drakes
  A catoblepas skeleton (Lair:6)
  A komodo dragon (D:14)
  7 polar bears
  3 jumping spiders
  A tengu conjurer (D:14)
  A merfolk (Shoals:1)
  3 hornets (Lair:6)
  2 trolls
  A wind drake (Shoals:1)
  5 hydra skeletons (Lair:6)
  A raiju (Lair:6)
  10 blink frogs
  2 hippogriffs
  A snapping turtle (Shoals:1)
  2 redbacks (Spider:1)
  7 yaks
  2 hogs (Shoals:1)
  2 black mamba skeletons (Lair:6)
  5 wraiths
  2 humans
  A basilisk (Lair:4)
  A hungry ghost (D:12)
  3 wargs
  6 hell hounds (Lair:6)
  A soldier ant (D:13)
  2 acid dragons (D:14)
  2 porcupines
  5 water moccasins
  2 spiny frog skeletons (Lair:6)
  26 orc warriors
  An elephant zombie (Lair:6)
  4 black bears (Lair:6)
  9 wolves
  5 centaurs
  4 ogres (Orc:2)
  7 crocodiles
  An elephant skeleton (Lair:5)
  An elf zombie (D:14)
  2 blink frog skeletons (Lair:6)
  8 bullfrogs
  2 hippogriff skeletons (Lair:6)
  A komodo dragon skeleton (Lair:5)
  2 water moccasin skeletons
  24 killer bees
  A yak skeleton (Lair:5)
  An electric eel (Lair:4)
  A jelly (D:11)
  A hound (D:5)
  11 orc priests
  6 human zombies (D:14)
  A basilisk skeleton (Lair:6)
  2 bullfrog skeletons
  2 human skeletons (D:14)
  An iguana (D:11)
  5 worker ants
  8 orc wizards
  2 porcupine skeletons
  4 crocodile skeletons (Lair:6)
  A mummy (D:14)
  9 adders
  A shadow imp (D:7)
  An adder zombie (D:6)
  An adder skeleton (D:5)
  A dart slug (D:4)
  72 orcs
  A giant cockroach (D:5)
  5 goblins
  A hobgoblin (D:11)
  A jackal (D:5)
  A quokka (D:10)
  2 bats (D:2)
  2 frilled lizards
  A jackal skeleton (D:4)
  2 kobolds (D:1)
  A leopard gecko zombie (D:5)
  An orc skeleton (D:14)
  12 rats
  3 plants (Lair:6)
397 creatures vanquished.

Vanquished Creatures (collateral kills)
  Kirke (Shoals:1)
  An orc warlord (Orc:2)
  A deep elf annihilator (D:14)
  Snorg (Lair:4)
  A fire dragon (D:14)
  4 merfolk impalers (Shoals:1)
  A merfolk javelineer (Shoals:1)
  A yaktaur captain (D:14)
  Fannar (D:11)
  5 vault guards (D:14)
  An ogre mage (D:14)
  A catoblepas (D:13)
  An ice dragon (Lair:6)
  3 hydras
  2 centaur warriors
  2 two-headed ogres (D:12)
  2 tengu warriors
  2 death yaks
  A shock serpent (shapeshifter) (D:14)
  2 orc high priests (Orc:2)
  A fire crab (Lair:6)
  3 unseen horrors
  2 lindwurms (Lair:6)
  An orb spider (Spider:1)
  A deep elf mage (D:14)
  3 ugly things
  3 orc sorcerers
  2 orc knights (Orc:2)
  4 cyclopes
  2 manticores (Shoals:1)
  4 fauns (Shoals:1)
  6 centaur zombies
  An elephant (Lair:6)
  A black mamba (shapeshifter) (D:14)
  A black mamba (Lair:2)
  2 merfolk sirens (Shoals:1)
  7 spiny frogs
  2 torpor snails (Lair:6)
  3 gargoyles
  2 rime drakes
  2 demonic crawlers (Spider:1)
  7 komodo dragons
  A tengu conjurer (D:15)
  6 trolls
  2 hellwings
  A merfolk (Shoals:1)
  4 hornets (Lair:6)
  4 jumping spiders
  Prince Ribbit (D:7)
  2 queen bees
  3 tyrant leeches (Lair:6)
  4 polar bears
  11 blink frogs
  6 hippogriffs
  A snapping turtle (Lair:4)
  A dream sheep (Lair:6)
  10 slime creatures
  4 redbacks (Spider:1)
  The ghost of Belius the Sneak, an amateur DEEn of Dithmenos (D:5)
  A fire bat (shapeshifter) (D:15)
  2 tarantellas (Spider:1)
  2 water elementals (Shoals:1)
  5 wyverns
  9 basilisks
  A wraith (Orc:2)
  A hog (Shoals:1)
  20 yaks
  A human (D:10)
  A hungry ghost (D:8)
  2 steam dragons
  3 wargs
  10 hell hounds (Lair:6)
  A soldier ant (D:12)
  4 water moccasins
  4 acid dragons
  3 porcupines (Lair:1)
  30 orc warriors
  2 sky beasts
  A slave (D:9)
  3 ice beasts
  3 phantoms
  A hornet zombie (D:5)
  11 black bears
  12 ogres
  An eye of draining (shapeshifter) (D:13)
  23 wolves
  13 centaurs
  A big kobold (D:11)
  12 crocodiles
  13 bullfrogs
  3 wyvern skeletons
  5 scorpions
  14 killer bees
  5 wights (D:10)
  An electric eel (Lair:2)
  A howler monkey (D:5)
  4 crimson imps
  A bullfrog zombie (D:4)
  A quasit (D:5)
  5 centaur skeletons
  4 hounds
  2 jellies
  2 bullfrog skeletons
  14 orc wizards
  22 orc priests
  9 worker ants
  3 hell rats (D:6)
  A crocodile zombie (Lair:6)
  A crocodile skeleton (Lair:6)
  A howler monkey zombie (D:6)
  A worker ant zombie (D:6)
  9 adders
  4 river rats (D:6)
  12 shadow imps
  3 worms
  A dart slug (D:1)
  5 leopard geckos
  78 orcs
  2 giant cockroaches (D:1)
  3 goblins
  11 hobgoblins
  4 jackals
  7 kobolds
  4 quokkas
  5 bats
  5 frilled lizards
  6 rats
  2 fungi (Lair:5)
  3 plants
616 creatures vanquished.

Vanquished Creatures (others)
  3 slaves (D:9)
  2 centaurs
  A centaur skeleton (D:9)
  11 fungi
  38 plants
55 creatures vanquished.

Grand Total: 1068 creatures vanquished

Notes
Turn   | Place    | Note
-------+----------+-------------------------------------------
     0 | D:1      | 1994 the Mummy Summoner began the quest for the Orb.
     0 | D:1      | Reached XP level 1. HP: 13/13 MP: 4/4
   435 | D:1      | Reached XP level 2. HP: 18/19 MP: 1/6
  1951 | D:2      | Noticed a crimson imp
  2147 | D:2      | Found an ornate altar of the Wu Jian Council.
  2147 | D:2      | Found a sacrificial altar of Ru.
  2624 | D:3      | Reached XP level 3. HP: 14/24 MP: 3/7
  2751 | D:3      | Learned a level 3 spell: Call Canine Familiar
  3135 | D:3      | You fall through a shaft for 3 floors!
  3138 | D:5      | Entered Level 5 of the Dungeon
  3288 | D:5      | Reached XP level 4. HP: 19/30 MP: 2/9
  3668 | D:3      | Reached XP level 5. HP: 34/35 MP: 7/11
  4124 | D:3      | Noticed a centaur
  4135 | D:3      | Learned a level 4 spell: Summon Lightning Spire
  4145 | D:3      | Killed a centaur
  4145 | D:3      | Reached skill level 5 in Summonings
  4390 | D:2      | Reached skill level 1 in Air Magic
  5078 | D:4      | Reached XP level 6. HP: 34/41 MP: 8/13
  5753 | D:4      | Found a snail-covered altar of Cheibriados.
  5993 | D:4      | Reached skill level 5 in Spellcasting
  6366 | D:4      | Learned a level 3 spell: Summon Guardian Golem
  6802 | D:5      | Reached XP level 7. HP: 30/46 MP: 8/14
  7548 | D:5      | Found a large runed translucent door.
  7549 | D:5      | Found a large runed translucent door.
  7551 | D:5      | Noticed Belius's ghost (amateur DEEn)
  8001 | D:5      | Killed Belius's ghost
  8203 | D:6      | Reached XP level 8. HP: 52/52 MP: 12/16
  8405 | D:6      | Found a staircase to the Ecumenical Temple.
  8414 | Temple   | Entered the Ecumenical Temple
  8799 | D:6      | Found a deep blue altar of Sif Muna.
  8799 | D:6      | Found a glowing golden altar of the Shining One.
  9532 | D:6      | Found the +2 ratskin cloak {+Rats rPois rN+ Str-1 Int-1
                  | Dex+1}
  9994 | D:7      | Found a blossoming altar of Fedhas.
  9996 | D:7      | Found an ancient bone altar of Kikubaaqudgha.
 10001 | D:7      | Became a worshipper of Kikubaaqudgha
 10032 | D:7      | Noticed a hellwing
 10036 | D:7      | Noticed a hellwing
 10041 | D:7      | Reached skill level 1 in Evocations
 10049 | D:7      | Killed a hellwing
 10148 | D:6      | Killed a hellwing
 10148 | D:6      | Reached XP level 9. HP: 17/57 MP: 12/20
 10470 | D:7      | Noticed Prince Ribbit
 10490 | D:7      | Killed Prince Ribbit
 10695 | D:7      | Reached skill level 1 in Necromancy
 10752 | D:7      | Learned a level 1 spell: Apportation
 11015 | D:7      | Found a shadowy altar of Dithmenos.
 11015 | D:7      | Found a radiant altar of Vehumet.
 11570 | D:8      | Found a staircase to the Lair.
 11791 | D:8      | Reached * piety under Kikubaaqudgha
 11791 | D:8      | Identified Kikubaaqudgha's Volume of Dark Magic
                  | (Kikubaaqudgha gifted it to you on level 8 of the Dungeon)
 11791 | D:8      | Received a gift from Kikubaaqudgha
 11799 | D:8      | Learned a level 1 spell: Pain
 11803 | D:8      | Learned a level 3 spell: Vampiric Draining
 12769 | D:8      | Reached XP level 10. HP: 39/63 MP: 11/22
 13172 | D:9      | Noticed a gargoyle
 13177 | D:9      | Noticed Pikel
 13240 | D:8      | Killed Pikel
 13240 | D:8      | Reached skill level 1 in Translocations
 13649 | D:9      | Killed a gargoyle
 13649 | D:9      | Reached skill level 5 in Evocations
 13953 | D:10     | Entered Level 10 of the Dungeon
 14351 | D:10     | Reached ** piety under Kikubaaqudgha
 15434 | D:11     | Found a staircase to the Orcish Mines.
 15623 | D:11     | Noticed a brown ugly thing
 15634 | D:11     | Killed a brown ugly thing
 15637 | D:11     | Reached *** piety under Kikubaaqudgha
 15637 | D:11     | Identified Kikubaaqudgha's Almanac of Sinister Secrets
                  | (Kikubaaqudgha gifted it to you on level 11 of the Dungeon)
 15637 | D:11     | Received a gift from Kikubaaqudgha
 15830 | D:11     | Learned a level 5 spell: Borgnjor's Vile Clutch
 16033 | D:11     | Noticed an unseen horror
 16042 | D:11     | Killed an unseen horror
 16042 | D:11     | Reached skill level 5 in Necromancy
 16042 | D:11     | Reached skill level 1 in Earth Magic
 16095 | D:11     | Noticed Fannar
 16158 | D:11     | Killed Fannar
 16793 | Lair:1   | Entered Level 1 of the Lair of Beasts
 16820 | Lair:1   | Identified a scroll of acquirement
 16828 | Lair:1   | Found an opulent altar of Gozag.
 17175 | Lair:1   | Noticed a spiny frog
 17197 | Lair:1   | Killed a spiny frog
 17197 | Lair:1   | Reached XP level 11. HP: 65/68 MP: 16/24
 18109 | Lair:2   | Reached **** piety under Kikubaaqudgha
 18969 | Lair:2   | Reached skill level 10 in Summonings
 19083 | Lair:2   | Noticed Urug
 19317 | Lair:2   | Killed Urug
 19771 | Lair:3   | Found a hole to the Spider Nest.
 19845 | Lair:3   | Reached skill level 1 in Shields
 19943 | Lair:3   | Reached skill level 10 in Spellcasting
 20005 | Lair:3   | Got a clouded copper amulet
 20006 | Lair:3   | Identified the amulet of Traps {Faith Int+7 Dex-5 SInv}
                  | (You found it on level 3 of the Lair of Beasts)
 20625 | Lair:3   | Reached ***** piety under Kikubaaqudgha
 21444 | Lair:3   | Reached skill level 5 in Earth Magic
 21641 | Lair:3   | Reached XP level 12. HP: 74/74 MP: 20/26
 22602 | Lair:4   | Noticed Snorg
 22613 | Lair:4   | Killed Snorg
 22887 | Lair:4   | Found a staircase to the Shoals.
 23507 | Lair:5   | Noticed a four-headed hydra
 23513 | Lair:5   | Killed a four-headed hydra
 24576 | Lair:6   | Entered Level 6 of the Lair of Beasts
 24706 | Lair:6   | Reached skill level 1 in Fighting
 24710 | Lair:6   | Reached ****** piety under Kikubaaqudgha
 24711 | Lair:6   | Received a gift from Kikubaaqudgha
 24721 | Lair:6   | Learned a level 7 spell: Haunt
 24807 | Lair:1   | Fell from the grace of Kikubaaqudgha
 24807 | Lair:1   | Became a worshipper of Gozag Ym Sagoz the Greedy
 25339 | Lair:5   | Learned a level 5 spell: Dispel Undead
 26224 | Lair:6   | Found a runed translucent door.
 26225 | Lair:6   | Noticed an ice dragon
 26263 | Lair:6   | Noticed a reaper
 26372 | Lair:6   | Found an opulent altar of Gozag.
 26378 | Lair:6   | Found a staircase to the Slime Pits.
 26393 | Lair:6   | Found a shimmering altar of Xom.
 26911 | Lair:6   | Noticed a death yak
 26918 | Lair:6   | Noticed a death yak
 26918 | Lair:6   | Noticed a death yak
 26919 | Lair:6   | Noticed a death yak
 26940 | Lair:6   | Killed a death yak
 26941 | Lair:6   | Noticed a death yak
 26957 | Lair:5   | Killed a death yak
 27159 | Lair:5   | Killed a death yak
 27159 | Lair:5   | Gained mutation: You are in touch with the powers of death.
                  | [Mummy growth]
 27159 | Lair:5   | Reached XP level 13. HP: 18/85 MP: 10/28
 28807 | Lair:6   | Reached skill level 10 in Necromancy
 29018 | Lair:6   | Noticed a reaper
 29401 | Lair:6   | Noticed a reaper
 30391 | Lair:6   | Noticed a reaper
 30849 | Lair:6   | Was forgiven by Kikubaaqudgha
 31614 | Orc:1    | Entered Level 1 of the Orcish Mines
 31699 | Orc:2    | Entered Level 2 of the Orcish Mines
 31699 | Orc:2    | Noticed Josephine
 31709 | Orc:2    | Killed Josephine
 32559 | Orc:2    | Found a roughly hewn altar of Beogh.
 32839 | Orc:2    | Found Jissono's Distillery.
 32904 | Orc:2    | Found Vinen's Weapon Shoppe.
 33557 | Orc:2    | Noticed a stone giant
 33568 | Orc:2    | Killed a stone giant
 33807 | Orc:2    | Found a staircase to the Elven Halls.
 34534 | Orc:2    | Noticed an orc warlord
 34551 | Orc:2    | Killed an orc warlord
 34710 | Orc:2    | Found a roughly hewn altar of Beogh.
 34735 | Orc:2    | Reached XP level 14. HP: 93/93 MP: 21/30
 35036 | Orc:2    | Found Jompuysh's Magic Scroll Emporium.
 35047 | Orc:2    | Bought a scroll of magic mapping for 45 gold pieces
 35047 | Orc:2    | Bought a scroll of fear for 45 gold pieces
 35185 | Orc:2    | Found Hiuptukye's Assorted Antiques.
 35193 | Orc:2    | Bought a thin smoking staff for 372 gold pieces
 35248 | Orc:2    | Bought a long gold wand for 124 gold pieces
 35248 | Orc:2    | Bought a glowing glass wand for 124 gold pieces
 35336 | Orc:2    | Noticed Sonja
 35439 | Orc:2    | Killed Sonja
 38239 | D:12     | Found Guge's Assorted Antiques.
 39737 | D:13     | Found Ossanucu's Antique Armour Emporium.
 40719 | D:13     | Found a sacrificial altar of Ru.
 41246 | D:14     | Learned a level 2 spell: Blink
 41251 | D:14     | Learned a level 4 spell: Passage of Golubria
 41325 | D:14     | Found a basalt altar of Yredelemnul.
 41691 | D:14     | You fall through a shaft!
 41691 | D:15     | Entered Level 15 of the Dungeon
 41691 | D:15     | Found a white marble altar of Elyvilon.
 42639 | D:14     | Paralysed by an ogre mage for 4 turns
 42794 | D:14     | Found a gate to the Vaults.
 43822 | D:14     | Noticed a sphinx
 43833 | D:14     | Killed a sphinx
 43842 | D:14     | Noticed a storm dragon
 44441 | D:14     | Killed a storm dragon
 44706 | D:14     | Noticed a tengu reaver
 44716 | D:14     | Killed a tengu reaver
 44716 | D:14     | Reached XP level 15. HP: 91/102 MP: 24/32
 44723 | D:14     | Got a fine pewter ring
 44726 | D:14     | Identified the ring of Xom's Full Attention {rCorr rPois
                  | Int+4} (You found it on level 14 of the Dungeon)
 44782 | D:14     | Reached skill level 5 in Fighting
 44798 | D:14     | Noticed a frost giant
 44808 | D:14     | Killed a frost giant
 45782 | Spider:1 | Entered Level 1 of the Spider Nest
 45997 | Spider:1 | HP: 1/103 [demonic crawler (5)]
 46966 | Shoals:1 | Entered Level 1 of the Shoals
 47571 | Shoals:2 | Noticed Ilsuiw
 47589 | Shoals:1 | Reached skill level 1 in Armour
 47758 | Shoals:1 | Noticed Kirke
 47766 | Shoals:1 | Killed Kirke
 48078 | Shoals:1 | Mangled by a faun

Skill      XL: |  1  2  3  4  5  6  7  8  9 10 11 12 13 14 15 |
---------------+----------------------------------------------+-----
Spellcasting   | 3 4 5 7 8 9 10 11 12 13 | 13.5
Summonings     | 4 5 6 7 8 9 10 11 12 13 | 13.0
Air Magic      | 1 2 3 4 |  4.0
Evocations     | 2 4 6 |  6.0
Necromancy     | 3 5 7 9 11 13 | 13.4
Translocations | 1 3 4 |  4.0
Earth Magic    | 2 5 6 7 |  7.2
Shields        | 2 4 |  4.0
Fighting       | 2 3 4 5 |  5.6
Armour         | 1 |  1.9
Dodging        | |  1.5
Stealth        | |  1.5

Action                   |  1- 3 |  4- 6 |  7- 9 | 10-12 | 13-15 || total
-------------------------+-------+-------+-------+-------+-------++-------
Melee: Unarmed           |     3 |       |       |       |       ||     3
       Dagger            |    47 |    73 |   155 |   306 |    90 ||   671
       Staff             |       |       |       |       |    19 ||    19
 Fire: Hunting sling     |       |       |       |     1 |       ||     1
Throw: Stone             |       |     1 |     3 |    15 |    12 ||    31
 Cast: Summon Small Mamm |    98 |     6 |       |       |       ||   104
       Call Canine Famil |     7 |    18 |    14 |    16 |     7 ||    62
       Summon Lightning  |       |    18 |    49 |   125 |   115 ||   307
       Summon Guardian G |       |       |     2 |     3 |       ||     5
       Pain              |       |       |     2 |   408 |   406 ||   816
       Vampiric Draining |       |       |       |    28 |    56 ||    84
       Apportation       |       |       |       |     7 |    14 ||    21
       Borgnjor's Vile C |       |       |       |    12 |   114 ||   126
       Dispel Undead     |       |       |       |    15 |    59 ||    74
       Haunt             |       |       |       |       |   113 ||   113
       Blink             |       |       |       |       |     2 ||     2
       Passage of Golubr |       |       |       |       |     1 ||     1
Invok: Receive Necronomi |       |       |       |     1 |       ||     1
 Abil: Evoke Ratskin     |       |       |    27 |    90 |     5 ||   122
Evoke: Wand              |       |       |       |     1 |     3 ||     4
  Use: Scroll            |       |     6 |     3 |    11 |     6 ||    26
 Stab: Sleeping          |     3 |     6 |     4 |     1 |       ||    14
       Distracted        |     1 |     1 |     2 |     3 |     2 ||     9
Armor: Robe              |    18 |    16 |     3 |       |    43 ||    80
       Leather armour    |       |       |    70 |       |       ||    70
       Acid dragon scale |       |       |    22 |   220 |       ||   242
       Troll leather arm |       |       |       |    62 |   116 ||   178
       Ring mail         |       |       |       |       |    47 ||    47
Dodge: Dodged            |    59 |    52 |    97 |   359 |   316 ||   883
Block: Other             |     1 |     7 |    35 |    54 |       ||    97
       Reflection        |       |       |     2 |     9 |     3 ||    14
       Buckler           |       |       |       |   141 |   167 ||   308
